 Dungeon Crawl Stone Soup version 0.14-a0-3154-g428849b (webtiles) character file.

326 HollowCharge the Slasher (level 5, -5/36 HPs)
             Began as a High Elf Gladiator on Mar 9, 2014.
             Was an Initiate of Ashenzari.
             Killed from afar by an orc wizard (12 damage)
             ... with a puff of flame
             ... on Level 4 of the Dungeon.
             The game lasted 00:16:20 (3394 turns).

HollowCharge the Slasher (High Elf Gladiator)       Turns: 3394, Time: 00:16:20

HP  -5/36        AC  5     Str 15      XL: 5   Next: 53%
MP   8/8         EV 13     Int 11      God: Ashenzari [......]
Gold 120         SH  0     Dex 16      Spells:  0 memorised,  4 levels left

rFire  . . .     SeeInvis .     a - +0 long sword
rCold  . . .     Clarity  +     b - +0 leather armour
rNeg   . . .     Conserve .     (no shield)
rPois  .         rCorr    .     c - +0 helmet
rElec  .         rRot     .     (no cloak)
SustAb . .       Spirit   .     r - +0 pair of gloves
rMut   .         Warding  .     (no boots)
Saprov . . .     Stasis   .     g - amulet of clarity
MR     .....                    (no ring)
                                (no ring)

@: slowed, very slow, not resistant to hostile enchantments, unstealthy
A: no striking features
a: Renounce Religion


You were on level 4 of the Dungeon.
You worshipped Ashenzari.
Ashenzari was noncommittal.
You were hungry.

You visited 2 branches of the dungeon, and saw 5 of its levels.

You collected 120 gold pieces.

Inventory:

Hand weapons
 a - a +0,+0 long sword (weapon)
Missiles
 p - a throwing net [frayed] (quivered)
Armour
 b - a +0 leather armour (worn)
 c - a +0 helmet (worn)
 r - a +0 pair of gloves (worn)
Comestibles
 u - 3 rotting chunks of hobgoblin flesh
Scrolls
 q - a scroll of enchant weapon I {unknown}
Jewellery
 d - an uncursed amulet of faith
 g - an amulet of clarity (around neck)
 i - an uncursed ring of wizardry
 j - an uncursed amulet of warding
 n - an uncursed ring of wizardry
Potions
 e - 2 potions of curing {unknown}
 h - a potion of lignification
 m - a potion of heal wounds {unknown}
 o - a potion of mutation {unknown}


   Skills:
 + Level 3.4 Fighting
 * Level 5.9 Long Blades
 - Level 2.1 Throwing
 + Level 4.3 Dodging


You had 4 spell levels left.
You didn't know any spells.

Dungeon Overview and Level Annotations

Branches:
Dungeon (4/16)             Temple (1/1) D:4

Altars:
Ashenzari
Dithmenos
Elyvilon
Fedhas
Makhleb
Nemelex Xobeh
Trog
Vehumet
Xom
Yredelemnul
Zin
The Shining One

Annotations:
D:2 Sigmund


Message History

You feel a wave of unholy energy pass over you.
You feel less woody.
Your +0 pair of gloves unmelds from your body.
Your +0 leather armour unmelds from your body.
You are feeling hungry.
The orc wizard points at you and mumbles some strange words.
You feel yourself slow down.
Found a stone staircase leading up.
An orc and an orc wizard come into view.
The orc priest's eyes start to glow.
Found 7 gold pieces. 2 orc wizards come into view.
The orc wizard shouts!
The orc wizard casts a spell.
The orc wizard flickers and vanishes!
Deactivating autopickup; reactivate with Ctrl-A.
An orc comes into view.
The orc wizard casts a spell.
The orc wizard seems to speed up.
The puff of flame hits you!
You die...

#....>..# #.......#
#.......# #.......#
#.......#
##.......###############
....................<$o.
....%...............o....
................@.....{..
.........o.o......oo.....
.....(...oo.............
##.......###############
#.......# #....o..#
#.......# #.......#
#.......#


You could see an orc priest, 3 orc wizards and 4 orcs.

Vanquished Creatures
  A giant frog skeleton (D:4)
  A worker ant (D:4)
  Jessica (D:3)
  3 gnolls (D:3)
  4 adders
  A giant mite (D:3)
  2 oozes (D:1)
  A ball python (D:2)
  6 giant cockroaches
  7 goblins
  8 hobgoblins
  8 kobolds
  A quokka (D:4)
  7 bats
  A giant gecko (D:1)
  3 giant newts
  6 rats
  A rat skeleton (D:3)
62 creatures vanquished.

Notes
Turn   | Place    | Note
--------------------------------------------------------------
     0 | D:1      | HollowCharge, the High Elf Gladiator, began the quest for the Orb.
     0 | D:1      | Reached XP level 1. HP: 14/14 MP: 2/2
   199 | D:1      | Reached XP level 2. HP: 16/19 MP: 3/3
   208 | D:1      | Reached skill level 4 in Long Blades
   622 | D:1      | Reached XP level 3. HP: 23/25 MP: 5/5
  1321 | D:2      | Noticed Sigmund
  1873 | D:3      | Noticed Jessica
  1876 | D:3      | Reached XP level 4. HP: 30/30 MP: 7/7
  1898 | D:3      | Killed Jessica
  1898 | D:3      | Reached skill level 5 in Long Blades
  2593 | D:3      | Reached XP level 5. HP: 33/36 MP: 8/8
  3040 | D:4      | Found a staircase to the Ecumenical Temple.
  3050 | Temple   | Entered the Ecumenical Temple
  3257 | Temple   | Became a worshipper of Ashenzari the Shackled
  3394 | D:4      | Killed from afar by an orc wizard

Action                   |  1- 3 |  4- 6 || total
-------------------------+-------+-------++-------
Melee: Long sword        |   142 |    61 ||   203
Throw: Throwing net      |     1 |     9 ||    10
  Use: Scroll            |     5 |     4 ||     9
       Potion            |       |     1 ||     1
 Stab: Held in net/web   |     1 |     3 ||     4
       Sleeping          |     1 |       ||     1
